 Dungeon Crawl Stone Soup version 0.22-a0-614-g34fbaa0 (webtiles) character file.

170 royokou the Conjurer (level 5, 0/28 HPs)
             Began as a Deep Elf Conjurer on July 13, 2018.
             Killed from afar by Sigmund (6 damage)
             ... with a magic dart
             ... on level 3 of the Dungeon.
             The game lasted 00:14:02 (2926 turns).

royokou the Conjurer (Deep Elf Conjurer)            Turns: 2926, Time: 00:14:03

Health: 0/28       AC:  3    Str:  5    XL:     5   Next: 25%
Magic:  5/14       EV: 13    Int: 21    God:
Gold:   120        SH:  0    Dex: 15    Spells: 3/13 levels left

rFire    . . .     SeeInvis .   e - +0 dagger
rCold    . . .     Gourm    .   (no shield)
rNeg     . . .     Faith    .   a - +0 robe
rPois    .         Spirit   .   r - +0 helmet
rElec    .         Reflect  .   (no cloak)
rCorr    +         Harm     .   (no gloves)
MR       +....                  (no boots)
Stlth    ++........             (no amulet)
HPRegen  0.09/turn              i - ring of resist corrosion
MPRegen  0.14/turn              k - ring of protection from magic

@: no status effects
A: no striking features
a: no special abilities


You were on level 3 of the Dungeon.
You were not hungry.

You visited 1 branch of the dungeon, and saw 3 of its levels.

You collected 120 gold pieces.

Inventory:

Hand Weapons
 e - a +0 dagger (weapon)
Armour
 a - a +0 robe (worn)
 r - a +0 helmet (worn)
Jewellery
 i - a ring of resist corrosion (left hand)
 k - a ring of protection from magic (right hand)
 q - a +5 ring of strength
Scrolls
 b - 3 scrolls of enchant weapon {unknown}
 d - a scroll of magic mapping {unknown}
 f - a scroll of amnesia {unknown}
 h - 5 scrolls of identify {unknown}
 j - 2 scrolls of teleportation {unknown}
 s - a scroll of noise {unknown}
Potions
 g - a potion of agility {unknown}
 l - 2 potions of degeneration {unknown}
 m - a potion of might {unknown}
 n - a potion of ambrosia {unknown}
 o - 2 potions of flight {unknown}
 p - 2 potions of curing {unknown}
Comestibles
 c - 9 rations
 t - 2 chunks of flesh


   Skills:
 - Level 2.4 Dodging
 - Level 2.4 Stealth
 + Level 4.8 Spellcasting
 * Level 6.3 Conjurations
 + Level 1.3 Hexes


You had 3 spell levels left.
You knew the following spells:

 Your Spells              Type           Power        Failure   Level  Hunger
a - Magic Dart            Conj           ####         1%          1    None
b - Searing Ray           Conj           ####..       1%          2    None
c - Dazzling Spray        Conj/Hex       ###...       7%          3    ##.....
d - Iskenderun's Mystic   Conj           ####....     9%          4    ####...

Your spell library contained the following spells:

 Spells                   Type           Power        Failure   Level  Hunger
 Fulminant Prism          Conj/Hex       ###.......   22%         4    ####...
 Force Lance              Conj/Tloc      ###.....     30%         4    ####...


Dungeon Overview and Level Annotations

Branches:
Dungeon (3/15)

Altars:
Cheibriados
Nemelex Xobeh
Qazlal

Annotations:
D:3 Sigmund


Message History

The searing ray hits Sigmund.
Sigmund is moderately wounded.
Sigmund mumbles some strange words.
Sigmund flickers and vanishes!
Deactivating autopickup; reactivate with Ctrl-A.
The searing ray hits the giant cockroach.
You kill the giant cockroach!
You finish channeling your searing ray.
Casting: Searing Ray (safe; 1% risk of failure)
Confirm with . or Enter, or press ? or * to list all spells.
You can't see any susceptible monsters within range! (Use Z to cast anyway.)
You close the door.
Something unseen opens the door.
Casting: Searing Ray (safe; 1% risk of failure)
Confirm with . or Enter, or press ? or * to list all spells.
Aiming: Iskenderun's Mystic Blast (safe; 9% risk of failure)
Press: ? - help, Shift-Dir - straight line The orb of energy hits something.
The orb of energy explodes!
A magic dart appears from out of thin air!
The magic dart hits you!
You die...

......#......
............. #
....#.##.##.. #.
....#....#.#. #.. ...
######... #... ..
....... #.... #.....#.
#....†#########+#.....#.
#....{'@.............###
#.....####...........###
..... #........#.....
.... #........#..... ...
##........#..... ..
#....†....+..... .
#.........#.....
#.....###.#..... #######
#.#.....


There were no monsters in sight!

Vanquished Creatures
  Terence (D:2)
  An orc wizard (D:3)
  3 adders
  3 worms
  3 dart slugs
  6 leopard geckos
  5 orcs (D:3)
  9 bats
  4 giant cockroaches
  8 hobgoblins
  5 jackals (D:1)
  6 kobolds
  A quokka (D:3)
  A ball python (D:2)
  3 frilled lizards
  5 goblins
  3 rats
67 creatures vanquished.

Notes
Turn   | Place    | Note
-------+----------+-------------------------------------------
     0 | D:1      | royokou the Deep Elf Conjurer began the quest for the Orb.
     0 | D:1      | Reached XP level 1. HP: 10/10 MP: 6/6
   167 | D:1      | Reached XP level 2. HP: 12/15 MP: 2/8
   222 | D:1      | Learned a level 2 spell: Searing Ray
   348 | D:1      | Reached skill level 5 in Conjurations
   467 | D:1      | Reached XP level 3. HP: 19/19 MP: 5/10
  1190 | D:2      | Learned a level 3 spell: Dazzling Spray
  1371 | D:2      | Found a sparkling altar of Nemelex Xobeh.
  1584 | D:2      | Noticed Terence
  1626 | D:2      | Killed Terence
  1626 | D:2      | Reached XP level 4. HP: 19/24 MP: 1/12
  1957 | D:2      | Reached skill level 6 in Conjurations
  2229 | D:2      | Learned a level 4 spell: Iskenderun's Mystic Blast
  2264 | D:3      | Found a snail-covered altar of Cheibriados.
  2558 | D:3      | Reached skill level 1 in Hexes
  2558 | D:3      | Reached XP level 5. HP: 28/28 MP: 5/14
  2706 | D:3      | Found a stormy altar of Qazlal.
  2920 | D:3      | Noticed Sigmund
  2926 | D:3      | Killed from afar by Sigmund

Vault maps used:
D:1:      giann_horns
D:2:      nemelex_xobeh_ov_fountains_minmay, uniq_terence
D:3:      cheibriados_altar_1, lemuel_doored_altar, uniq_sigmund

Skill      XL: |  1  2  3  4 |
---------------+-------------+-----
Conjurations   | 5 6 |  6.3
Spellcasting   | 4 |  4.8
Hexes          | 1 |  1.3
Dodging        | |  2.4
Stealth        | |  2.4

Action                   |  1- 3 |  4- 6 || total
-------------------------+-------+-------++-------
Melee: Dagger            |     4 |       ||     4
 Cast: Magic Dart        |    58 |    52 ||   110
       Searing Ray       |    10 |     6 ||    16
       Iskenderun's Myst |       |     1 ||     1
 Stab: Sleeping          |     3 |       ||     3
  Eat: Chunk             |     2 |     4 ||     6
Armor: Robe              |     3 |     1 ||     4
Dodge: Dodged            |     6 |     2 ||     8

Table legend:
 A = Spawn XP
 B = Non-spawn XP
 C = Spawn XP percentage of total XP
 D = Spawn monster count
 E = Non-spawn monster count
 F = Spawn count percentage of total count
 G = Total turns spent on level
                    A         B        C        D         E        F      G
               +---------+---------+-------+---------+---------+-------+---------
         Total |       0 |     243 |   0.0 |       0 |      67 |   0.0 |  2926
               +---------+---------+-------+---------+---------+-------+---------
           D:1 |       0 |      59 |   0.0 |       0 |      30 |   0.0 |  1185
           D:2 |       0 |      95 |   0.0 |       0 |      18 |   0.0 |  1073
           D:3 |       0 |      89 |   0.0 |       0 |      19 |   0.0 |   668
               +---------+---------+-------+---------+---------+-------+---------
